 Dungeon Crawl Stone Soup version 0.30-a0-381-g6ea064c7b4 (webtiles) character file.

Game seed: 6470087119496180012

267 arthad the Protected (level 6, -5/47 HPs)
             Began as a Gnoll Wanderer on Dec 2, 2022.
             Slain by an ice beast (10 damage)
             ... on level 4 of the Dungeon.
             The game lasted 00:08:56 (3268 turns).

arthad the Protected (Gnoll Wanderer)               Turns: 3268, Time: 00:08:57

Health: -5/47      AC:  8    Str: 12    XL:     6   Next: 21%
Magic:  13/14      EV: 10    Int: 17    God:
Gold:   209        SH:  0    Dex: 10    Spells: 12/15 levels left

rFire   + . .      SeeInvis .    w - +4 spear of the Scorching Wolf {speed, rF+ Int+3}
rCold   . . .      Faith    .    (no shield)
rNeg    . . .      Spirit   .    b - +0 ring mail
rPois   +          Reflect  .    (no helmet)
rElec   .          Harm     .    (no cloak)
rCorr   .          Rampage  .    g - +0 pair of gloves
Will    .....                    (no boots)
Stlth   +.........               (no amulet)
HPRegen 0.27/turn                q - ring of poison resistance
MPRegen 0.14/turn                (no ring)

@: no status effects
A: fangs 1, strong nose, distributed training
a: no special abilities


You were on level 4 of the Dungeon.
You visited 1 branch of the dungeon, and saw 4 of its levels.

You collected 209 gold pieces.

Inventory:

Hand Weapons
 a - a +0 short sword
 w - the +4 spear of the Scorching Wolf (weapon) {speed, rF+ Int+3}
   (You found it on level 4 of the Dungeon)

   Attacks with this weapon are significantly faster.
   Int:       It affects your intelligence (+3).
   rF:        It protects you from fire.
Missiles
 r - 3 curare-tipped darts
 v - 4 poisoned darts
Armour
 b - a +0 ring mail (worn)
 g - a +0 pair of gloves (worn)
Magical Staves
 n - a staff of fire
Jewellery
 q - a ring of poison resistance (left hand)
Scrolls
 c - 5 scrolls of teleportation
 d - a scroll of fear {unknown}
 e - a scroll of enchant armour {unknown}
 h - 3 scrolls of poison {unknown}
 i - a scroll of noise {unknown}
 o - a scroll of identify {unknown}
 p - a scroll of acquirement {unknown}
 u - a scroll of immolation {unknown}
Potions
 f - a potion of curing
 j - a potion of attraction {unknown}
 k - a potion of berserk rage {unknown}
 l - a potion of resistance {unknown}
 m - 2 potions of ambrosia {unknown}
 s - a potion of mutation {unknown}
 t - a potion of lignification {unknown}


   Skills:
 + Level 3.2 Fighting
 + Level 3.2 Short Blades
 + Level 1.9 Long Blades
 + Level 1.9 Axes
 + Level 1.9 Maces & Flails
 + Level 1.9 Polearms
 + Level 1.9 Staves
 + Level 1.9 Ranged Weapons
 + Level 1.9 Throwing
 + Level 8.7 Armour
 + Level 1.9 Dodging
 + Level 1.9 Stealth
 + Level 1.9 Shields
 + Level 1.9 Unarmed Combat
 + Level 5.3 Spellcasting
 + Level 1.5 Conjurations
 + Level 1.5 Hexes
 + Level 1.5 Summonings
 + Level 1.5 Necromancy
 + Level 1.5 Translocations
 + Level 1.5 Transmutations
 + Level 1.5 Fire Magic
 + Level 1.5 Ice Magic
 + Level 1.5 Air Magic
 + Level 1.5 Earth Magic
 + Level 1.5 Poison Magic
 + Level 2.1 Invocations
 + Level 3.2 Evocations


You had 12 spell levels left.
You knew the following spells:

 Your Spells              Type           Power      Damage    Failure   Level
a - Magic Dart            Conj           36%        1d4       14%         1
b - Shock                 Conj/Air       36%        1d5       14%         1
c - Kiss of Death         Conj/Necr      36%        2d8       14%         1

Your spell library contained the following spells:

 Spells                   Type           Power      Damage    Failure   Level
 Inner Flame              Hex/Fire       9%         N/A       38%         3
 Teleport Other           Tloc           9%         N/A       38%         3
 Cause Fear               Hex            4%         N/A       80%         4
 Discord                  Hex            4%         N/A       100%        8


Dungeon Overview and Level Annotations

Branches:
Dungeon (4/15)
 Temple: D:4-7

Altars:
Fedhas


Innate Abilities, Weirdness & Mutations

You have very sharp teeth.
Your uncanny sense of smell can sniff out nearby items.
Your experience applies equally to all skills.


Message History

The ice beast is moderately wounded.
The ice beast hits you but does no damage.
You hit the ice beast.
The ice beast is moderately wounded.
You closely miss the ice beast.
The ice beast is moderately wounded.
The ice beast hits you but does no damage.
You hit the ice beast but do no damage.
The ice beast is moderately wounded.
The ice beast hits you. The ice beast freezes you!
You hit the ice beast.
The ice beast is heavily wounded.
You barely miss the ice beast.
The ice beast is heavily wounded.
The ice beast closely misses you.
You closely miss the ice beast.
The ice beast is heavily wounded.
The ice beast hits you. The ice beast freezes you!
You hit the ice beast.
The ice beast is severely wounded.
The ice beast hits you. The ice beast freezes you!
* * * LOW HITPOINT WARNING * * *
You are too injured to fight recklessly!
You are too injured to fight recklessly!
You are too injured to fight recklessly!
You are too injured to fight recklessly!
You are too injured to fight recklessly!
You are too injured to fight recklessly!
You are too injured to fight recklessly!
You are too injured to fight recklessly!
You are too injured to fight recklessly!
Aiming: Magic Dart (safe; 14% risk of failure)
Press: ? - help, Q - select action, (/) - cycle Shift-Dir - straight line, f - ice beast
Aim: an ice beast (severely wounded, 100% to hit)
The magic dart hits the ice beast but does no damage.
The ice beast is severely wounded.
The ice beast hits you.
* * * LOW HITPOINT WARNING * * *
The ice beast freezes you!
You die...

.###.#.#...
..........+.....>... .
#.#.#####
#######...########## .
..#.. ..# #...#.).
..... . #####
#.#######.# ###. .
#.#.......#####... .
#.#.............#. . #
#.#...............
####.#'#.#....####.....
#....Y@.......# #.....
...##..........# #.....
#..........# #.....
########.### #..... #.#
###.#. #.# #.# ###


You could see an ice beast.

Vanquished Creatures
  A jelly (D:3)
  2 hounds (D:4)
  An iguana (D:4)
  An orc wizard (D:3)
  6 adders
  3 worms
  3 dart slugs
  10 orcs
  2 bats
  An endoplasm (D:4)
  2 giant cockroaches
  6 goblins
  4 hobgoblins
  2 jackals (D:2)
  2 quokkas
  3 ball pythons
  3 frilled lizards (D:2)
  2 kobolds
  5 rats
59 creatures vanquished.

Notes
Turn   | Place    | Note
-------+----------+-------------------------------------------
     0 | D:1      | arthad the Gnoll Wanderer began the quest for the Orb.
     0 | D:1      | arthad set off with the following items: a +0 short sword,
                  | a +0 ring mail, a scroll of teleportation; and the
                  | following spells available to memorise: Kiss of Death,
                  | Magic Dart, Shock, Teleport Other.
     0 | D:1      | Reached XP level 1. HP: 17/17 MP: 6/6
     2 | D:1      | Learned a level 1 spell: Magic Dart
     4 | D:1      | Learned a level 1 spell: Shock
     6 | D:1      | Learned a level 1 spell: Kiss of Death
   103 | D:1      | Found a faded altar of an unknown god.
   350 | D:1      | Reached XP level 2. HP: 14/23 MP: 0/7
  1190 | D:2      | Reached skill level 5 in Spellcasting
  1190 | D:2      | Reached XP level 3. HP: 28/28 MP: 2/9
  1195 | D:2      | Reached skill level 1 in Invocations
  1351 | D:2      | Reached skill level 1 in Long Blades
  1351 | D:2      | Reached skill level 1 in Axes
  1351 | D:2      | Reached skill level 1 in Maces & Flails
  1351 | D:2      | Reached skill level 1 in Polearms
  1351 | D:2      | Reached skill level 1 in Staves
  1351 | D:2      | Reached skill level 1 in Ranged Weapons
  1351 | D:2      | Reached skill level 1 in Throwing
  1351 | D:2      | Reached skill level 1 in Dodging
  1351 | D:2      | Reached skill level 1 in Stealth
  1351 | D:2      | Reached skill level 1 in Shields
  1351 | D:2      | Reached skill level 1 in Unarmed Combat
  1723 | D:2      | Reached XP level 4. HP: 34/34 MP: 11/11
  1861 | D:3      | Reached skill level 1 in Conjurations
  1861 | D:3      | Reached skill level 1 in Hexes
  1861 | D:3      | Reached skill level 1 in Summonings
  1861 | D:3      | Reached skill level 1 in Necromancy
  1861 | D:3      | Reached skill level 1 in Translocations
  1861 | D:3      | Reached skill level 1 in Transmutations
  1861 | D:3      | Reached skill level 1 in Fire Magic
  1861 | D:3      | Reached skill level 1 in Ice Magic
  1861 | D:3      | Reached skill level 1 in Air Magic
  1861 | D:3      | Reached skill level 1 in Earth Magic
  1861 | D:3      | Reached skill level 1 in Poison Magic
  2076 | D:3      | Reached XP level 5. HP: 40/40 MP: 7/12
  2718 | D:3      | Found a blossoming altar of Fedhas.
  2877 | D:4      | Reached XP level 6. HP: 11/47 MP: 0/13
  3017 | D:4      | Identified the +4 spear of the Scorching Wolf {speed, rF+
                  | Int+3}
  3256 | D:4      | Noticed an ice beast
  3268 | D:4      | Slain by an ice beast

Illustrated notes

Levels and vault maps discovered:
D:1:      lemuel_arrival_rhombus, layout_basic,
          shapermc_ecumenical_altar_mp_urbaneastern, kennysheep_another_room
D:2:      layout_loops_ring
D:3:      layout_rooms, lemuel_tele_altar
D:4:      layout_basic, minmay_temple_entry_poolview

Skill      XL: |  1  2  3  4  5 |
---------------+----------------+-----
Spellcasting   | 5 |  5.3
Invocations    | 1 2 |  2.1
Long Blades    | 1 |  1.9
Axes           | 1 |  1.9
Maces & Flails | 1 |  1.9
Polearms       | 1 |  1.9
Staves         | 1 |  1.9
Ranged Weapons | 1 |  1.9
Throwing       | 1 |  1.9
Dodging        | 1 |  1.9
Stealth        | 1 |  1.9
Shields        | 1 |  1.9
Unarmed Combat | 1 |  1.9
Conjurations   | 1 |  1.5
Hexes          | 1 |  1.5
Summonings     | 1 |  1.5
Necromancy     | 1 |  1.5
Translocations | 1 |  1.5
Transmutations | 1 |  1.5
Fire Magic     | 1 |  1.5
Ice Magic      | 1 |  1.5
Air Magic      | 1 |  1.5
Earth Magic    | 1 |  1.5
Poison Magic   | 1 |  1.5
Fighting       | 3 |  3.2
Short Blades   | 3 |  3.2
Evocations     | 3 |  3.2
Armour         | |  8.7

Action                   |  1- 3 |  4- 6 || total
-------------------------+-------+-------++-------
Melee: Short sword       |   101 |    67 ||   168
       Bite              |    10 |     7 ||    17
       Punch             |     3 |     1 ||     4
       Spear             |       |    23 ||    23
 Cast: Magic Dart        |    26 |    64 ||    90
       Shock             |    20 |    10 ||    30
  Use: Potion            |       |     1 ||     1
Armor: Ring mail         |    66 |    55 ||   121
Dodge: Dodged            |    73 |    53 ||   126

Table legend: (Time is in decaauts)
 A = Elapsed time spent in this place.
 B = Non-inter-level travel time spent in this place.
 C = Inter-level travel time spent in this place.
 D = Time resting spent in this place.
 E = Time spent auto-exploring this place.
 F = Levels seen in this place.
 G = Mean time per level.
                   A        B        C        D        E       F      G
               +--------+--------+--------+--------+--------+-----+--------+
         Total |   3238 |   3176 |     62 |    269 |   2369 |   4 |  809.5 |
       Dungeon |   3238 |   3176 |     62 |    269 |   2369 |   4 |  809.5 |
               +--------+--------+--------+--------+--------+-----+--------+

Top non-repeatable levels by time:
     D:3: 1010 daAuts
     D:1: 916 daAuts
     D:2: 898 daAuts
     D:4: 413 daAuts
